 Dungeon Crawl Stone Soup version 0.25-a0-617-g20d90ebb82 (webtiles) character file.

Game seed: 15049758567711224657, levelgen mode: deterministic

440699 Mictavius the Executioner (level 24, -10/231 HPs)
             Began as a Hill Orc Monk on Mar 18, 2020.
             Was the Champion of Beogh.
             Mangled by Bogmar the orc warlord
             ... wielding a +3 eveningstar of freezing
             ... led by an orc knight
              (44 damage)
             ... on level 3 of the Depths.
             The game lasted 06:29:46 (63958 turns).

Mictavius the Executioner (Hill Orc Monk)          Turns: 63958, Time: 06:29:47

Health: -10/231    AC: 29    Str: 25    XL:     24   Next: 10%
Magic:  0/46       EV: 17    Int: 17    God:    Beogh [******]
Gold:   1895       SH: 17    Dex: 13    Spells: 22/23 levels left

rFire    + + +     SeeInvis +   O - +14 obsidian axe {vorpal, +Fly SInv *Curse} (curse)
rCold    + + +     Gourm    .   p - +2 shield of Resistance {rF+ rC+ MR+}
rNeg     + . .     Faith    .   v - +3 ice dragon scales of Hedge Wizardry {rPois rF- rC++ MP+9 Int+3 Slay+6}
rPois    +         Spirit   +   Y - +1 helmet of Resourcefulness {rC+ Stlth+}
rElec    +         Reflect  .   P - scarf {Spirit}
rCorr    +         Harm     .   x - +2 pair of gloves
MR       +++..                  w - +2 pair of boots {Fly}
Stlth    +.........             n - amulet "Qoutinan" {+Rage rPois rF++ rC+ Int+4}
HPRegen  0.48/turn              t - ring "Cashuts" {rF+ rN+ MR+}
MPRegen  0.30/turn              N - ring of see invisible

@: resistant, mesmerised
A: walk on water
}: 2/15 runes: decaying, serpentine
a: Smiting, Recall Orcish Followers, Give Item to Named Follower, Resurrection,
Renounce Religion, Evoke Berserk Rage, Evoke Flight


You were on level 3 of the Depths.
You worshipped Beogh.
Beogh was exalted by your worship.
You were hungry.

You visited 9 branches of the dungeon, and saw 44 of its levels.
You visited 1 bazaar.
You also visited: Gauntlet and Ice Cave.

You collected 7662 gold pieces.
You spent 5767 gold pieces at shops.

Inventory:

Hand Weapons
 d - the +10 mace of the Heavens {vorpal, +Inv rC+ MR+ Stlth-}
   (You found it on level 3 of the Vaults)

   It inflicts extra damage upon your enemies.
   It protects you from cold.
   It affects your resistance to hostile enchantments.
   It lets you turn invisible.
   It makes you less stealthy.
 i - a +0 bardiche
 r - a +1 glaive of freezing
 K - a +1 demon trident of pain
 O - the cursed +14 obsidian axe (weapon) {vorpal, +Fly SInv *Curse}
   (You took it off a deep elf demonologist on level 1 of the Elven Halls)

   It inflicts extra damage upon your enemies.
   It lets you see invisible.
   It lets you fly.
   It curses itself when equipped.
   It has a curse placed upon it.
 V - a +0 vampiric glaive
Missiles
 k - 5 silver boomerangs (quivered)
Armour
 g - +2 fire dragon scales {Xtahua}
 p - the +2 shield of Resistance (worn) {rF+ rC+ MR+}
   (You bought it in a shop in a bazaar)

   It protects you from fire.
   It protects you from cold.
   It affects your resistance to hostile enchantments.
 v - the +3 ice dragon scales of Hedge Wizardry (worn) {rPois rF- rC++ MP+9 Int+3 Slay+6}
   (You found it in an ice cave)

   It affects your intelligence (+3).
   It affects your accuracy and damage with ranged weapons and melee attacks
   (+6).
   It makes you vulnerable to fire.
   It greatly protects you from cold.
   It protects you from poison.
   It affects your magic capacity (+9).
 w - a +2 pair of boots of flying (worn)
 x - a +2 pair of gloves (worn)
 B - +0 gold dragon scales
 H - a +4 plate armour of magic resistance
 P - a scarf of spirit shield (worn)
 Y - the +1 helmet of Resourcefulness (worn) {rC+ Stlth+}
   (You found it in a Gauntlet)

   It protects you from cold.
   It makes you more stealthy.
Jewellery
 n - the amulet "Qoutinan" (around neck) {+Rage rPois rF++ rC+ Int+4}
   (You bought it in a shop on level 1 of the Depths)

   [amulet of rage]

   It affects your intelligence (+4).
   It greatly protects you from fire.
   It protects you from cold.
   It protects you from poison.
   It lets you go berserk.
 q - an uncursed ring of protection from fire
 t - the ring "Cashuts" (left hand) {rF+ rN+ MR+}
   (You bought it in a shop on level 1 of the Depths)

   [ring of protection from magic]

   It protects you from fire.
   It protects you from negative energy.
   It affects your resistance to hostile enchantments.
 N - a ring of see invisible (right hand)
 U - an uncursed ring of protection from cold
 W - an uncursed ring of fire
 Z - an uncursed ring of poison resistance
Wands
 y - a wand of acid (9)
 D - a wand of digging (24)
 S - a wand of disintegration (15)
 X - a wand of iceblast (55)
Scrolls
 a - 3 scrolls of enchant armour
 e - 5 scrolls of identify
 j - 4 scrolls of fear
 o - 15 scrolls of teleportation
 E - 3 scrolls of enchant weapon
 F - 11 scrolls of remove curse
 I - 5 scrolls of magic mapping
 J - 6 scrolls of silence
 R - 7 scrolls of fog
Potions
 b - 6 potions of mutation
 f - 8 potions of curing
 l - 5 potions of haste
 m - 8 potions of stabbing
 s - 6 potions of magic
 u - 2 potions of heal wounds
 z - 6 potions of cancellation
 A - 2 potions of resistance
 G - a potion of brilliance
 L - 7 potions of flight
 Q - a potion of might
 T - a potion of ambrosia
Comestibles
 c - 58 rations
 h - 13 chunks of flesh


   Skills:
 - Level 22.0 Fighting
 - Level 22.0 Axes
 - Level 4.0 Throwing
 + Level 17.7 Armour
 - Level 12.0 Dodging
 - Level 1.5 Stealth
 - Level 17.0 Shields
 - Level 4.0 Translocations
 + Level 21.0 Invocations
 - Level 8.0 Evocations


You had 22 spell levels left.
You knew the following spells:

 Your Spells              Type           Power        Failure   Level  Hunger
a - Apportation           Tloc           ##....       9%          1    ##.....

Your spell library contained the following spells:

 Spells                   Type           Power        Failure   Level  Hunger
 Blink                    Tloc           N/A          13%         2    ###....
 Gell's Gravitas          Tloc           ##........   26%         3    ####...
 Lesser Beckoning         Tloc           ##........   26%         3    ####...
 Teleport Other           Tloc           ##......     26%         3    ####...
 Shroud of Golubria       Chrm/Tloc      #.....       30%         2    ###....
 Animate Skeleton         Necr           N/A          41%         1    ##.....
 Corona                   Hex            #......      41%         1    ##.....
 Foxfire                  Conj/Fire      #...         41%         1    ##.....
 Freeze                   Ice            #...         41%         1    ##.....
 Magic Dart               Conj           #...         41%         1    ##.....
 Sandblast                Erth           #.....       41%         1    ##.....
 Shock                    Conj/Air       #...         41%         1    ##.....
 Summon Small Mammal      Summ           #...         41%         1    ##.....
 Portal Projectile        Hex/Tloc       #.....       52%         3    ####...
 Call Imp                 Summ           #.......     56%         2    ###....
 Corpse Rot               Necr/Air       N/A          56%         2    ###....
 Ensorcelled Hibernation  Hex/Ice        #.....       56%         2    ###....
 Passwall                 Tmut/Erth      #.......     56%         2    ###....
 Searing Ray              Conj           #.....       56%         2    ###....
 Slow                     Hex            #.......     56%         2    ###....
 Sticks to Snakes         Tmut           #.......     56%         2    ###....
 Sublimation of Blood     Necr           #.........   56%         2    ###....
 Swiftness                Chrm/Air       #.......     56%         2    ###....
 Passage of Golubria      Tloc           N/A          65%         4    #####..
 Call Canine Familiar     Summ           #.......     80%         3    ####...
 Confusing Touch          Hex            #.......     80%         3    ####...
 Conjure Flame            Conj/Fire      #.......     80%         3    ####...
 Dazzling Flash           Conj/Hex       #.....       80%         3    ####...
 Frozen Ramparts          Ice            #.....       80%         3    ####...
 Ignite Poison            Fire/Tmut/Pois #.......     80%         3    ####...
 Inner Flame              Hex/Fire       #.......     80%         3    ####...
 Ozocubu's Armour         Chrm/Ice       #.......     80%         3    ####...
 Spider Form              Tmut/Pois      #.........   80%         3    ####...
 Static Discharge         Conj/Air       #.......     80%         3    ####...
 Stone Arrow              Conj/Erth      #.....       80%         3    ####...
 Summon Guardian Golem    Hex/Summ       #.......     80%         3    ####...
 Vampiric Draining        Necr           #.........   80%         3    ####...
 Iskenderun's Mystic Bla  Conj/Tloc      #.......     89%         4    #####..
 Airstrike                Air            #.........   99%         4    #####..
 Dispel Undead            Necr           #.......     99%         4    #####..
 Fulminant Prism          Conj/Hex       #.........   99%         4    #####..
 Hailstorm                Conj/Ice       #.......     99%         4    #####..
 Ice Form                 Ice/Tmut       #.......     99%         4    #####..
 Olgreb's Toxic Radiance  Pois           #.......     99%         4    #####..
 Petrify                  Tmut/Erth      #.......     99%         4    #####..
 Sticky Flame             Conj/Fire      #.......     99%         4    #####..
 Summon Ice Beast         Ice/Summ       #.......     99%         4    #####..
 Summon Lightning Spire   Summ/Air       #.......     99%         4    #####..
 Summon Forest            Summ/Tloc      #.........   99%         5    ######.
 Agony                    Necr           #.......     100%        5    ######.
 Borgnjor's Vile Clutch   Necr/Erth      #.........   100%        5    ######.
 Excruciating Wounds      Chrm/Necr      #.........   100%        5    ######.
 Fireball                 Conj/Fire      #.........   100%        5    ######.
 Irradiate                Conj/Tmut      #.........   100%        5    ######.
 Lee's Rapid Deconstruct  Erth           #.........   100%        5    ######.
 Lightning Bolt           Conj/Air       #.........   100%        5    ######.
 Metabolic Englaciation   Hex/Ice        #.........   100%        5    ######.
 Silence                  Hex/Air        #.........   100%        5    ######.
 Yara's Violent Unravell  Hex/Tmut       #.........   100%        5    ######.
 Darkness                 Hex            #.........   100%        6    #######
 Dispersal                Tloc           ##........   100%        6    #######
 Eringya's Noxious Bog    Tmut/Pois      #.........   100%        6    #######
 Hydra Form               Tmut           #.........   100%        6    #######
 Invisibility             Hex            #.......     100%        6    #######
 Shadow Creatures         Summ           N/A          100%        6    #######
 Starburst                Conj/Fire      #.........   100%        6    #######
 Statue Form              Tmut/Erth      #........    100%        6    #######
 Ring of Flames           Chrm/Fire      #.........   100%        7    #######
 Summon Hydra             Summ           #.........   100%        7    #######
 Controlled Blink         Tloc           N/A          100%        8    #######
 Disjunction              Tloc           ##........   100%        8    #######
 Ignition                 Fire           #.........   100%        8    #######
 Shatter                  Erth           #.........   100%        9    #######
 Tornado                  Air            #.........   100%        9    #######


Dungeon Overview and Level Annotations

Branches:
Dungeon (15/15)            Temple (0/1) D:7            Lair (6/6) D:9
  Swamp (4/4) Lair:3        Snake (4/4) Lair:2        Slime (0/5) Lair:6
    Orc (2/2) D:11            Elf (3/3) Orc:2        Vaults (4/5) D:14
  Crypt (3/3) Vaults:2       Tomb (0/3) Crypt:3      Depths (3/5) D:15
  IceCv (visited)         Gauntlet (visited)

Altars:
Elyvilon
Fedhas
Hepliaklqana
Kikubaaqudgha
Makhleb
Nemelex Xobeh
Okawaru
Qazlal
Sif Muna
Trog
Uskayaw
Vehumet
Xom
Yredelemnul
The Shining One
Beogh
Jiyva

Shops:
Orc:2 *:([   Elf:1 :   Snake:3 [   Vaults:4 :   Depths:1 =}=*

Portals:
Hell: Depths:1 Depths:2 Depths:3
Abyss: Depths:1

Annotations:
D:12 3 runed translucent doors, Tuischauph's ghost, journeyman KoAs
Lair:4 3 runed translucent doors, Jayditzi's ghost, journeyman GrFi
Vaults:3 1 runed translucent door, exclusion: door, Guthir's ghost, veteran GnFi


Message History

Morun closely misses the green very ugly thing.
Unknown command.
You slice the green ugly thing!!
The green ugly thing is heavily wounded.
You slice the very ugly thing simulacrum!!
The very ugly thing simulacrum vapourises!
You slash the green very ugly thing!
Visions of slaying the green ugly thing flood into your mind.
Murdo hits the centaur warrior with a +2 glaive of freezing!!
Murdo freezes the centaur warrior!
The tengu warrior hits Murdo but does no damage.
The tengu warrior pecks Murdo.
The tengu warrior claws Murdo.
The very ugly thing simulacrum hits Bogmar!
The very ugly thing simulacrum freezes Bogmar!!
The rakshasa hits Morun with a +0 long sword!!
The hell knight mumbles some strange words.
The hell knight seems to speed up.
The centaur warrior hits Murdo.
Bogmar hits you with a +3 eveningstar of freezing!!!
You die...
Beogh appreciates Bogmar's killing of a heretic priest. ...##.. ....... ....... ...... ..#CZ.e ...QR## #coo#

#ou@##
#†Cuo#
....ZpcZ##
≈..p.Z!GZ
≈.......##
p.y.##..#
.p## Cc.#
.# #..#
#.##


You could see 3 frost giants, a green very ugly thing, a deep elf annihilator, a
green ugly thing, a rakshasa, a spark wasp (fleeing), 3 hell knights, a tengu
warrior, a glowing orange brain, a centaur warrior, a necromancer (invisible), 2
centaurs, a very ugly thing simulacrum, a tengu conjurer simulacrum, 3 spark
wasp simulacra, the friendly Bogmar the orc warlord (confused), the friendly
Morun the orc warlord (confused), the friendly Murdo the orc knight (confused)
and the friendly Oruk the orc knight.

Vanquished Creatures
  Bai Suzhen (Depths:2)
  Vashnia (Snake:2)
  A caustic shrike (Depths:2)
  A golden dragon (Vaults:4)
  A profane servitor (Crypt:3)
  4 liches
  2 deep elf blademasters
  A titan (Vaults:4)
  2 deep elf master archers (Elf:3)
  2 sphinxes
  An ancient champion (Crypt:3)
  2 tengu reavers
  A shadow dragon (Elf:1)
  Frances (Snake:1)
  Roxanne (Snake:3)
  2 thorn hunters
  2 storm dragons
  2 revenants
  7 nagarajas
  The ghost of NoPocketsJustHoles the Tortoise, a journeyman DDFi of Trog (Snake:4)
  An iron dragon (Elf:1)
  5 frost giants
  4 fire giants
  2 deep elf sorcerers
  7 vault wardens
  An orc warlord (Orc:2)
  5 ironheart preservers
  A deep elf elementalist (Elf:3)
  Louise (Snake:2)
  4 ghouls
  A curse skull (Crypt:1)
  11 stone giants
  17 very ugly things
  2 vampire knights
  An entropy weaver (Vaults:4)
  3 deep elf demonologists
  6 deep elf annihilators
  A spark wasp (Depths:3)
  6 ettins
  A minotaur (Gauntlet)
  An eidolon (Crypt:1)
  3 deep elf death magi
  6 fire dragons
  2 mummy priests (Crypt:3)
  11 jiangshi
  2 deep elf high priests
  4 yaktaur captains
  Josephine (D:12)
  6 ice dragons
  5 ogre magi
  13 hydras
  4 great orbs of eyes
  6 vault guards
  A spriggan air mage (Depths:2)
  15 naga warriors
  2 shambling mangroves
  8 anacondas
  3 rakshasas
  19 two-headed ogres
  A death knight (Vaults:3)
  2 catoblepae (Depths:1)
  10 centaur warriors
  4 death yaks (Gauntlet)
  15 dancing weapons
  3 alligators (Swamp:3)
  5 tengu warriors
  A two-headed ogre (shapeshifter) (Depths:3)
  3 orc high priests
  5 deep troll shamans
  11 deep troll earth magi
  17 deep elf knights
  7 shock serpents
  The ghost of patman the Nimble, a novice HaGl (D:8)
  2 vampire magi
  3 spriggan berserkers
  10 naga sharpshooters
  5 salamander mystics
  3 iron trolls
  4 shadow wraiths
  7 skeletal warriors
  2 spriggan druids (Swamp:4)
  3 naga ritualists
  7 sea snakes
  An anaconda zombie (Crypt:1)
  2 glowing orange brains
  4 swamp dragons
  3 unseen horrors
  23 deep trolls
  3 flayed ghosts
  2 lindwurms (Swamp:4)
  5 orc knights
  A phantasmal warrior (Crypt:1)
  3 wizards
  6 deep elf archers
  4 necromancers
  7 ironbrand convokers
  2 harpies (Vaults:4)
  6 mana vipers
  3 orc sorcerers
  22 ugly things
  A wolf spider (Vaults:2)
  36 deep elf magi
  A mana viper (shapeshifter) (Depths:3)
  16 salamanders
  2 cyclopes
  A manticore (D:13)
  A moth of wrath (D:8)
  An iron dragon skeleton (Crypt:1)
  An elephant (Lair:6)
  3 large abominations
  16 naga magi
  A stone giant skeleton (Crypt:2)
  3 ice statues (IceCv)
  17 black mambas
  Psyche (D:10)
  7 vault sentinels
  Joseph (D:10)
  7 guardian serpents
  18 spiny frogs
  A black draconian zombie (Crypt:2)
  A kobold demonologist (D:10)
  38 yaktaurs
  2 komodo dragons
  3 tengu conjurers (Depths:2)
  7 freezing wraiths
  7 guardian mummies
  A troll (D:10)
  6 tyrant leeches
  4 polar bears
  11 blink frogs
  6 bog bodies
  19 hornets
  18 slime creatures
  6 hippogriffs
  4 dream sheep (Lair:2)
  An ice dragon skeleton (Crypt:2)
  2 redbacks (Vaults:4)
  5 shadows
  A tarantella (shapeshifter) (Depths:3)
  27 flying skulls
  13 spriggans
  A water elemental (Elf:3)
  2 air elementals (Elf:1)
  A wyvern (Lair:5)
  23 yaks
  7 wraiths
  3 fire elementals
  A human (D:9)
  2 hogs (D:9)
  A hungry ghost (D:11)
  2 basilisks
  Grum (D:8)
  10 vampire mosquitoes
  45 nagas
  6 wargs
  3 insubstantial wisps (Swamp:1)
  13 swamp worms
  4 water moccasins
  7 porcupines
  2 floating eyes (Depths:2)
  10 ice beasts
  11 swamp drakes
  A floating eye (shapeshifter) (Vaults:3)
  16 orc warriors
  A black bear (D:9)
  4 sky beasts
  A phantom (D:9)
  3 necrophages (Crypt:3)
  10 wolves
  19 boggarts
  4 small abominations
  16 ogres
  A centaur (shapeshifter) (Vaults:4)
  8 crocodiles
  10 centaurs
  3 big kobolds
  A fire crab zombie (Crypt:2)
  18 bullfrogs
  2 wyvern zombies
  An elf skeleton (Crypt:2)
  An earth elemental (Elf:1)
  A draconian skeleton (Crypt:1)
  4 scorpions
  A water moccasin skeleton (D:10)
  5 killer bees
  13 wights
  4 electric eels
  A howler monkey (D:5)
  2 human simulacra (Vaults:3)
  4 lava snakes (Snake:3)
  7 crimson imps
  2 bullfrog zombies
  A centaur zombie (D:8)
  A human zombie (Crypt:1)
  10 orc priests
  3 jellies
  2 bullfrog skeletons
  3 centaur skeletons
  4 hounds
  A human skeleton (Crypt:1)
  2 iguanas
  23 worker ants
  7 orc wizards
  A hound zombie (D:8)
  2 mummies (Crypt:1)
  A worker ant zombie (D:8)
  18 gnolls
  8 adders
  A shadow imp (D:6)
  2 oozes
  2 adder skeletons (D:4)
  A worm (D:2)
  4 dart slugs
  7 leopard geckos
  25 orcs
  8 bats
  6 giant cockroaches
  4 goblins
  4 hobgoblins
  17 jackals
  12 kobolds
  4 quokkas
  8 frilled lizards
  A goblin zombie (Crypt:1)
  A hobgoblin skeleton (Crypt:2)
  A leopard gecko skeleton (D:4)
  A quokka skeleton (D:8)
  6 rats
  5 briar patches
  A bush (Lair:2)
  4 crawling corpses
  4 fungi
  6 plants
1314 creatures vanquished.

Vanquished Creatures (collateral kills)
  Khufu (Crypt:3)
  Xtahua (Crypt:1)
  A golden dragon (Depths:3)
  A bone dragon (Crypt:3)
  Jorgrun (Orc:1)
  A deep elf blademaster (Elf:3)
  An ancient champion (Crypt:2)
  A sphinx (Vaults:4)
  2 thorn hunters
  A revenant (Crypt:1)
  2 nagarajas (Snake:4)
  A shadow dragon (Vaults:4)
  A deep elf sorcerer (Elf:3)
  Aizul (Swamp:4)
  4 deep elf elementalists (Elf:3)
  A vault warden (Vaults:4)
  6 ghouls
  A reaper (Crypt:2)
  3 ironheart preservers
  2 stone giants
  4 very ugly things
  3 vampire knights
  3 deep elf demonologists
  5 spark wasps (Depths:3)
  3 deep elf annihilators
  2 ettins (Depths:3)
  An eidolon (Crypt:2)
  Snorg (D:12)
  5 deep elf death magi
  A fire dragon (D:15)
  9 jiangshi (Crypt:3)
  A deep elf high priest (Elf:1)
  2 yaktaur captains
  Erolcha (D:9)
  2 ice dragons (Depths:3)
  14 hydras
  2 vault guards (Vaults:4)
  2 naga warriors (Snake:4)
  2 ghost crabs
  4 two-headed ogres
  An anaconda (Snake:4)
  A spectral shadow dragon (Crypt:3)
  2 catoblepae
  10 dancing weapons
  5 alligators
  7 death knights
  2 centaur warriors
  5 deep troll shamans
  A queen ant (Lair:2)
  A vampire mage (Crypt:1)
  A tengu warrior (Depths:3)
  A spriggan berserker (Depths:3)
  2 shock serpents (Snake:4)
  3 naga sharpshooters (Snake:4)
  A titan skeleton (Crypt:1)
  5 deep elf knights
  19 skeletal warriors
  3 sea snakes (Snake:4)
  A shadow wraith (Crypt:3)
  2 unseen horrors
  A spriggan druid (Swamp:4)
  8 deep trolls
  4 flayed ghosts
  A shadow dragon zombie (Crypt:1)
  2 deep elf archers
  8 orc knights
  A lindwurm (Swamp:4)
  5 swamp dragons (Swamp:4)
  An ironbrand convoker (Vaults:4)
  3 harpies (Vaults:4)
  4 phantasmal warriors
  A large abomination (Crypt:3)
  An obsidian statue (Vaults:3)
  7 ugly things
  An orb spider (shapeshifter) (Elf:2)
  17 slime creatures
  A manticore (D:15)
  2 salamanders (Snake:3)
  20 deep elf magi
  A centaur zombie (D:15)
  8 elephants
  A naga mage (Snake:4)
  A torpor snail (Lair:2)
  A gargoyle (D:11)
  2 centaur skeletons
  A vault sentinel (Vaults:4)
  3 black mambas
  11 spiny frogs
  An alligator snapping turtle skeleton (Crypt:2)
  2 rime drakes
  A redback zombie (D:15)
  A kobold demonologist (D:10)
  4 freezing wraiths
  3 komodo dragons
  A tengu conjurer (Depths:3)
  3 guardian mummies (Crypt:3)
  5 yaktaurs
  6 trolls
  A catoblepas skeleton (Crypt:2)
  A meliai (shapeshifter) (Depths:3)
  9 tyrant leeches
  A wolf spider simulacrum (Crypt:3)
  3 polar bears
  4 hornets
  An ettin zombie (Crypt:3)
  3 bog bodies (Lair:3)
  24 flying skulls (Crypt:3)
  11 blink frogs
  2 hippogriffs
  An alligator skeleton (Crypt:2)
  An air elemental (Elf:1)
  5 spriggans
  3 water elementals
  4 wraiths
  A shadow (Swamp:3)
  20 yaks
  2 fire elementals (Elf:1)
  3 basilisks
  2 small abominations
  A tyrant leech zombie (Crypt:1)
  5 vampire mosquitoes
  2 hungry ghosts
  5 swamp worms
  5 wargs
  7 nagas
  An insubstantial wisp (Swamp:1)
  A spiny frog zombie (Crypt:1)
  8 soldier ants (Lair:2)
  6 porcupines
  10 water moccasins
  11 orc warriors
  3 ice beasts
  3 swamp drakes
  A black bear (Lair:4)
  An eye of draining (shapeshifter) (Vaults:4)
  2 necrophages
  A sky beast (shapeshifter) (Depths:3)
  An ogre (Orc:2)
  14 wolves
  6 centaurs
  5 crocodiles
  3 big kobolds (D:10)
  7 bullfrogs
  A gnoll sergeant (Orc:1)
  A wyvern zombie (D:13)
  A scorpion (D:13)
  A spectral tengu (Crypt:3)
  A crimson imp (D:12)
  A quasit (D:13)
  A bullfrog skeleton (D:10)
  2 hounds
  2 orc priests
  4 orc wizards
  3 human skeletons (Crypt:1)
  12 worker ants
  A sky beast zombie (Crypt:1)
  A hound skeleton (Crypt:1)
  An adder (D:11)
  A swamp drake zombie (Crypt:1)
  11 orcs
  A bat zombie (Crypt:2)
  2 kobolds (D:10)
  A hobgoblin zombie (Crypt:2)
  3 briar patches (Swamp:4)
  2 bushes
  3 crawling corpses (Elf:3)
  6 fungi
  9 plants
600 creatures vanquished.

Vanquished Creatures (others)
  A vault warden (Vaults:2)
  6 orc warlords
  A yaktaur captain (Vaults:3)
  18 orc knights
  A centaur warrior (Vaults:1)
  A deep troll earth mage (Depths:1)
  2 orc high priests (Elf:1)
  A large abomination (Elf:1)
  4 naga sharpshooters
  A deep elf archer (Elf:2)
  A deep elf mage (Elf:2)
  A mana viper (Snake:4)
  2 cyclopes
  A salamander (Snake:4)
  6 yaktaurs
  A hornet (Swamp:1)
  2 swamp worms
  A naga (Snake:3)
  18 orc priests
  22 orc warriors
  3 centaurs
  20 orc wizards
  An adder zombie (D:6)
  79 orcs
  9 briar patches
  A bush (Lair:5)
  3 crawling corpses
  13 fungi
  50 plants
270 creatures vanquished.

Grand Total: 2184 creatures vanquished

Notes
Turn   | Place    | Note
-------+----------+-------------------------------------------
     0 | D:1      | Mictavius the Hill Orc Monk began the quest for the Orb.
     0 | D:1      | Reached XP level 1. HP: 19/19 MP: 1/1
   324 | D:1      | Reached XP level 2. HP: 27/27 MP: 2/2
   635 | D:1      | Reached XP level 3. HP: 30/33 MP: 3/3
   802 | D:1      | Reached skill level 1 in Armour
  1008 | D:2      | Found a bloodstained altar of Trog.
  1079 | D:2      | Reached skill level 5 in Axes
  1326 | D:2      | Reached XP level 4. HP: 39/41 MP: 4/4
  1358 | D:2      | Found a sparkling altar of Nemelex Xobeh.
  1761 | D:3      | Reached skill level 5 in Fighting
  1820 | D:3      | Reached XP level 5. HP: 28/48 MP: 5/5
  1972 | D:3      | Found a faded altar of an unknown god.
  2024 | D:3      | Found a shimmering altar of Xom.
  2153 | D:3      | Found a white marble altar of Elyvilon.
  2244 | D:4      | Noticed an ogre
  2251 | D:4      | Killed an ogre
  2490 | D:4      | Reached XP level 6. HP: 24/57 MP: 6/6
  3340 | D:4      | Found a hide-covered altar of Uskayaw.
  3372 | D:4      | Reached XP level 7. HP: 50/66 MP: 7/7
  3866 | D:5      | Entered Level 5 of the Dungeon
  4042 | D:5      | Found a burning altar of Makhleb.
  4163 | D:5      | Found a white marble altar of Elyvilon.
  4163 | D:5      | Found a glowing golden altar of the Shining One.
  4305 | D:5      | Found an iron altar of Okawaru.
  4425 | D:5      | Became a worshipper of Beogh the Brigand
  4425 | D:5      | Reached * piety under Beogh
  4425 | D:5      | Reached ** piety under Beogh
  4436 | D:5      | Reached skill level 5 in Armour
  4454 | D:5      | Reached XP level 8. HP: 73/73 MP: 8/8
  4703 | D:5      | Found a shimmering blue altar of Sif Muna.
  4805 | D:5      | Found a radiant altar of Vehumet.
  4914 | D:6      | Found a hazy altar of Hepliaklqana.
  4943 | D:6      | Reached skill level 1 in Throwing
  5416 | D:6      | Found a stormy altar of Qazlal.
  5456 | D:6      | Got a steaming ring mail
  5547 | D:6      | Identified the +1 ring mail of Yghar {*Corrode +Blink rPois
                  | MR-} (You found it on level 6 of the Dungeon)
  5883 | D:7      | Reached skill level 1 in Shields
  5897 | D:7      | Reached XP level 9. HP: 52/79 MP: 9/9
  6303 | D:7      | Reached skill level 10 in Axes
  6630 | D:7      | Reached *** piety under Beogh
  6783 | D:7      | Found a staircase to the Ecumenical Temple.
  6899 | D:8      | Noticed a two-headed ogre
  7414 | D:8      | Noticed Grum
  7429 | D:8      | Killed Grum
  7429 | D:8      | Reached skill level 5 in Shields
  7688 | D:8      | Reached XP level 10. HP: 84/86 MP: 10/10
  7769 | D:8      | Found a transporter.
  7773 | D:8      | Noticed patman's ghost (novice HaGl)
  7787 | D:8      | Found a transporter.
  7789 | D:8      | Noticed a moth of wrath
  7840 | D:8      | Got a bound zirconium amulet
  7850 | D:8      | Noticed a two-headed ogre
  7887 | D:7      | Identified the amulet "Ringutis" {RegenMP rF+ Dex+5} (You
                  | found it on level 8 of the Dungeon)
  8017 | D:7      | Killed a two-headed ogre
  8297 | D:8      | Reached skill level 1 in Invocations
  8320 | D:8      | Noticed a two-headed ogre
  8329 | D:8      | Killed a two-headed ogre
  8550 | D:8      | Found an ancient bone altar of Kikubaaqudgha.
  8725 | D:8      | Killed a moth of wrath
  8736 | D:8      | Killed patman's ghost
  8736 | D:8      | Reached skill level 5 in Invocations
  9205 | D:9      | Reached XP level 11. HP: 84/92 MP: 14/16
  9315 | D:9      | Found a staircase to the Lair.
  9354 | D:9      | Reached **** piety under Beogh
  9457 | D:9      | Noticed a two-headed ogre
  9465 | D:9      | Killed a two-headed ogre
 10034 | D:9      | Gained Brandogh as an ally
 10228 | D:10     | Entered Level 10 of the Dungeon
 10827 | D:10     | Noticed Erolcha
 10833 | D:9      | Killed Erolcha
 10833 | D:9      | Reached skill level 10 in Invocations
 10855 | D:10     | Noticed Psyche
 10857 | D:10     | Killed Psyche
 11318 | D:10     | Reached skill level 10 in Armour
 11514 | D:10     | Noticed Joseph
 11538 | D:10     | Killed Joseph
 11538 | D:10     | Reached skill level 1 in Evocations
 11936 | D:11     | Found a blossoming altar of Fedhas.
 12235 | D:11     | Found a staircase to the Orcish Mines.
 12592 | D:12     | Reached XP level 12. HP: 86/101 MP: 19/19
 12692 | D:12     | Noticed a centaur warrior
 12702 | D:12     | Killed a centaur warrior
 12955 | D:12     | Found a runed translucent gate.
 12955 | D:12     | Found a runed translucent gate.
 12955 | D:12     | Found a runed translucent gate.
 12958 | D:12     | Noticed Tuischauph's ghost (journeyman KoAs)
 12958 | D:12     | Noticed an eight-headed hydra
 13123 | D:12     | Noticed Snorg
 13135 | D:12     | Noticed Josephine
 13135 | D:12     | Killed Snorg
 13138 | D:12     | Killed Josephine
 13826 | Lair:1   | Entered Level 1 of the Lair of Beasts
 13843 | Lair:1   | Reached skill level 5 in Evocations
 14126 | Lair:1   | Noticed a seven-headed hydra
 14135 | Lair:1   | Killed a 13-headed hydra
 14527 | Lair:2   | Noticed a seven-headed hydra
 14534 | Lair:2   | Killed a seven-headed hydra
 14542 | Lair:2   | Reached skill level 10 in Fighting
 14549 | Lair:2   | Found a staircase to the Snake Pit.
 14642 | Lair:2   | Found a frozen archway.
 14737 | IceCv    | Entered an ice cave
 14760 | IceCv    | Reached ***** piety under Beogh
 15020 | IceCv    | Reached XP level 13. HP: 101/114 MP: 4/20
 15194 | IceCv    | Got agate-encrusted ice dragon scales
 15208 | IceCv    | Got an encrusted scale mail
 15250 | Lair:2   | Identified the +3 ice dragon scales of Hedge Wizardry
                  | {rPois rF- rC++ MP+9 Int+3 Slay+6} (You found it in an ice
                  | cave)
 15260 | Lair:2   | Identified the cursed +0 scale mail of Death's Door {rF+}
                  | (You found it in an ice cave)
 15716 | Lair:2   | Reached skill level 15 in Axes
 15971 | Lair:2   | Gained Morun as an ally
 16996 | Lair:3   | Found a staircase to the Swamp.
 17538 | Lair:4   | Gained Geork as an ally
 17780 | Lair:4   | Found a runed translucent gate.
 17780 | Lair:4   | Found a runed translucent gate.
 17780 | Lair:4   | Found a runed translucent gate.
 17780 | Lair:4   | Noticed Jayditzi's ghost (journeyman GrFi)
 18646 | Lair:5   | Reached XP level 14. HP: 126/126 MP: 23/23
 18682 | Lair:5   | Your ally Brandogh died
 19694 | Lair:5   | Identified a scroll of acquirement
 20267 | Lair:6   | Entered Level 6 of the Lair of Beasts
 20274 | Lair:6   | Found a viscous altar of Jiyva.
 20275 | Lair:6   | Found a staircase to the Slime Pits.
 20345 | Lair:6   | Reached ****** piety under Beogh
 20517 | Lair:6   | Reached skill level 15 in Invocations
 20908 | Lair:6   | Got a pitted ring mail
 20919 | Lair:6   | Identified the +5 ring mail of Proximity {Int+3} (You found
                  | it on level 6 of the Lair of Beasts)
 21698 | Orc:1    | Entered Level 1 of the Orcish Mines
 22292 | Orc:2    | Entered Level 2 of the Orcish Mines
 22524 | Orc:2    | Found a roughly hewn altar of Beogh.
 22622 | Orc:2    | Found a staircase to the Elven Halls.
 22648 | Orc:2    | Found a roughly hewn altar of Beogh.
 22703 | Orc:1    | Noticed Jorgrun
 22715 | Orc:1    | Killed Jorgrun
 23280 | Orc:2    | Found a roughly hewn altar of Beogh.
 23281 | Orc:2    | Found Jula's General Store.
 23291 | Orc:2    | Gained Grimold as an ally
 23298 | Orc:2    | Bought the +6 long sword of Eternal Night {elec, rElec
                  | Str+3} for 944 gold pieces
 23298 | Orc:2    | Bought a scroll of identify for 32 gold pieces
 23353 | Orc:2    | Found a roughly hewn altar of Beogh.
 23353 | Orc:2    | Found Mixeed's Book Boutique.
 23444 | Orc:2    | Noticed an orc warlord
 23447 | Orc:2    | Found Foroum's Antique Weapon Shop.
 23452 | Orc:2    | Gained Bogmar as an ally
 23452 | Orc:2    | Reached XP level 15. HP: 123/134 MP: 27/27
 23453 | Orc:2    | Found a roughly hewn altar of Beogh.
 23470 | Orc:2    | Killed an orc warlord
 23475 | Orc:2    | Found Gaipezeb's Antique Armour Boutique.
 23699 | Orc:2    | Bought a +2 plate armour of poison resistance for 592 gold
                  | pieces
 23903 | D:13     | Found a gate leading to a gauntlet.
 23949 | D:13     | Found a flickering gateway to a bazaar.
 23955 | Bazaar   | Entered a bazaar
 24002 | Bazaar   | Found Hefai's Assorted Antiques.
 24008 | Bazaar   | Bought the +2 shield of Resistance {rF+ rC+ MR+} for 1602
                  | gold pieces
 24008 | Bazaar   | Found the +2 shield of Resistance {rF+ rC+ MR+}
 24050 | Bazaar   | Found Daafuapy's Assorted Antiques.
 24054 | Bazaar   | Bought a fine morningstar for 279 gold pieces
 24054 | Bazaar   | Bought a scroll of identify for 62 gold pieces
 24054 | Bazaar   | Bought a scroll of teleportation for 93 gold pieces
 24061 | Bazaar   | Found Ritouchuo's Book Shoppe.
 24166 | Gauntlet | Entered a Gauntlet
 24166 | Gauntlet | Found a transporter.
 24166 | Gauntlet | Found a transporter.
 24172 | Gauntlet | Found a transporter.
 24218 | Gauntlet | Got a faintly glowing silver ring
 24220 | Gauntlet | Identified the ring of Suicidal Tendencies {rN+ MR+ Dex+9}
                  | (You found it in a Gauntlet)
 24223 | Gauntlet | Found a transporter.
 24223 | Gauntlet | Found a transporter.
 24237 | Gauntlet | Found a transporter.
 24273 | Gauntlet | Got a heavily runed bone ring
 24275 | Gauntlet | Identified the ring "Puwuq" {Wiz rC+ Slay+3} (You found it
                  | in a Gauntlet)
 24278 | Gauntlet | Got a translucent lajatang
 24280 | Gauntlet | Identified the +5 lajatang of Benuck {flame, rElec SInv}
                  | (You found it in a Gauntlet)
 24520 | Gauntlet | Found a transporter.
 24538 | Gauntlet | Found a transporter.
 24546 | Gauntlet | Found a transporter.
 24570 | Gauntlet | Found a transporter.
 24669 | Gauntlet | Got a spiked helmet
 24690 | Gauntlet | Identified the +1 helmet of Resourcefulness {rC+ Stlth+}
                  | (You found it in a Gauntlet)
 25086 | D:13     | You fall into a shaft and drop 2 floors!
 25086 | D:15     | Entered Level 15 of the Dungeon
 25086 | D:15     | Found a staircase to the Depths.
 25087 | D:15     | Noticed a frost giant
 25105 | D:15     | Killed a frost giant
 25411 | D:14     | Found a gate to the Vaults.
 25778 | D:13     | Gained Alork as an ally
 25782 | D:13     | Reached skill level 10 in Shields
 26781 | D:13     | Identified the +6 morningstar "Ferumihe" {drain, rC+ Str+6
                  | Dex-2 Stlth-} (You bought it in a shop in a bazaar)
 27756 | D:15     | Reached XP level 16. HP: 124/145 MP: 28/28
 27949 | Swamp:1  | Entered Level 1 of the Swamp
 28653 | Swamp:1  | You fall into a shaft and drop 1 floor!
 28656 | Swamp:2  | Noticed a thorn hunter
 28696 | Swamp:2  | Killed a thorn hunter
 29626 | Swamp:1  | Found the +5 robe of Night {Dark MR+ SInv}
 30697 | Swamp:3  | Gained Norbak as an ally
 30908 | Swamp:3  | Noticed a thorn hunter
 30921 | Swamp:3  | Killed a thorn hunter
 31442 | Swamp:4  | Entered Level 4 of the Swamp
 31466 | Swamp:4  | Noticed Aizul
 31478 | Swamp:4  | Killed Aizul
 31486 | Swamp:4  | Your ally Norbak died
 31697 | Swamp:4  | Your ally Bogmar died
 32190 | Swamp:4  | Noticed a thorn hunter
 32203 | Swamp:4  | Killed a thorn hunter
 32203 | Swamp:4  | Reached skill level 15 in Fighting
 32206 | Swamp:4  | Your ally Alork died
 32697 | Swamp:4  | Noticed a thorn hunter
 32716 | Swamp:4  | Killed a thorn hunter
 32716 | Swamp:4  | Reached XP level 17. HP: 91/156 MP: 18/29
 32912 | Swamp:4  | Got a scorched kite shield
 32919 | Swamp:4  | Identified the cursed +0 kite shield of the Ban {Int+4}
                  | (You found it on level 4 of the Swamp)
 32952 | Swamp:4  | Got a decaying rune of Zot
 34300 | Snake:1  | Entered Level 1 of the Snake Pit
 35304 | Snake:1  | Noticed Frances
 35327 | Snake:1  | Killed Frances
 36002 | Snake:2  | Noticed Vashnia
 36027 | Snake:2  | Killed Vashnia
 37227 | Snake:2  | Noticed Louise
 37235 | Snake:2  | Killed Louise
 37536 | Snake:3  | Identified Roxanne's Reference Book on Changing
 37536 | Snake:3  | Noticed Roxanne
 37541 | Snake:3  | Killed Roxanne
 37569 | Snake:2  | Gained Wulfoc as an ally
 37830 | Snake:3  | Your ally Wulfoc died
 38924 | Snake:3  | Reached XP level 18. HP: 160/168 MP: 30/30
 39385 | Snake:3  | Found Nougg's Armour Shoppe.
 39496 | Snake:4  | Entered Level 4 of the Snake Pit
 40702 | Snake:4  | Gained Bogdan as an ally
 40715 | Snake:4  | Your ally Bogdan died
 41117 | Snake:4  | Gained Oruk as an ally
 41504 | Snake:4  | Got a serpentine rune of Zot
 41866 | Snake:4  | Found a radiant altar of Vehumet.
 42095 | Snake:4  | Found a runed translucent door.
 42095 | Snake:4  | Noticed NoPocketsJustHoles's ghost (journeyman DDFi)
 42112 | Snake:4  | Killed NoPocketsJustHoles's ghost
 42898 | Vaults:1 | Entered Level 1 of the Vaults
 42914 | Vaults:1 | Reached XP level 19. HP: 113/180 MP: 27/32
 44872 | Vaults:2 | Found a staircase to the Crypt.
 44872 | Vaults:2 | Found an ancient bone altar of Kikubaaqudgha.
 44873 | Vaults:2 | Found a basalt altar of Yredelemnul.
 45796 | Vaults:3 | Found a runed translucent door.
 45796 | Vaults:3 | Found a shimmering altar of Xom.
 45796 | Vaults:3 | Noticed Guthir's ghost (veteran GnFi)
 45901 | Vaults:3 | Reached skill level 5 in Dodging
 46167 | Vaults:3 | Reached skill level 15 in Shields
 46183 | Vaults:3 | Gained Harm as an ally
 46536 | Vaults:3 | Reached skill level 15 in Armour
 46569 | Vaults:3 | Noticed a lich
 46574 | Vaults:3 | Killed a lich
 46577 | Vaults:3 | Reached XP level 20. HP: 170/189 MP: 33/33
 47595 | Vaults:3 | Got an ichor-stained mace
 47596 | Vaults:3 | Identified the +10 mace of the Heavens {vorpal, +Inv rC+
                  | MR+ Stlth-} (You found it on level 3 of the Vaults)
 47645 | Vaults:3 | Got a smoking chain mail
 47646 | Vaults:3 | Identified the +6 chain mail of Tomorrow {rF- rC++ rCorr}
                  | (You found it on level 3 of the Vaults)
 48491 | Vaults:4 | Gained Bogmar as an ally
 49735 | Vaults:4 | Found Hiurif's Book Shop.
 49771 | Vaults:4 | Gained Arbolt as an ally
 49780 | Vaults:4 | Your ally Arbolt died
 50238 | Vaults:4 | Noticed a golden dragon
 50257 | Vaults:4 | Killed a golden dragon
 50917 | Crypt:1  | Entered Level 1 of the Crypt
 51206 | Crypt:1  | Noticed Xtahua
 51216 | Crypt:1  | Killed Xtahua
 51216 | Crypt:1  | Gained Ugrim as an ally
 51228 | Crypt:1  | Reached XP level 21. HP: 179/194 MP: 34/34
 51814 | Crypt:1  | Got a smoking leather armour
 51815 | Crypt:1  | Identified the +1 leather armour of Patterns {rC+ MR+ Str+4
                  | Stlth-} (You found it on level 1 of the Crypt)
 53057 | Crypt:3  | Entered Level 3 of the Crypt
 53393 | Crypt:3  | Found a basalt altar of Yredelemnul.
 53406 | Crypt:3  | Gained Bladwarg as an ally
 53672 | Crypt:3  | Noticed a profane servitor
 53672 | Crypt:3  | Reached skill level 10 in Dodging
 53674 | Crypt:3  | Noticed a bone dragon
 53675 | Crypt:3  | Noticed Khufu
 53684 | Crypt:3  | Killed a bone dragon
 53691 | Crypt:3  | Killed a profane servitor
 53697 | Crypt:3  | Killed Khufu
 54009 | Crypt:3  | Found a staircase to the Tomb.
 54014 | Crypt:3  | Found the +9 sword of Zonguldrok {reap}
 54024 | Crypt:3  | Identified the Guide on Virous Transmigration
 54049 | Crypt:3  | Got a black opal-encrusted chain mail
 54051 | Crypt:3  | Identified the cursed +1 chain mail of the Sky {rElec
                  | Int+2} (You found it on level 3 of the Crypt)
 54052 | Crypt:3  | Identified the ring of Iniras {*Tele rC+} (You found it on
                  | level 3 of the Crypt)
 54363 | Crypt:3  | Got a brightly glowing mace
 54365 | Crypt:3  | Identified the +12 mace "Gaumak" {protect, rF+ SInv} (You
                  | found it on level 3 of the Crypt)
 54905 | Elf:1    | Entered Level 1 of the Elven Halls
 55202 | Elf:1    | Found Haroge's Book Shoppe.
 55231 | Elf:1    | Learned a level 1 spell: Apportation
 55598 | Elf:1    | Gained Wardok as an ally
 55614 | Elf:1    | Your ally Wardok died
 55616 | Elf:1    | Your ally Bladwarg died
 55624 | Elf:1    | Your ally Bogdan died
 56344 | Elf:1    | Reached skill level 1 in Translocations
 56349 | Elf:1    | Reached XP level 22. HP: 149/206 MP: 33/36
 56365 | Elf:1    | Found a runed translucent gate.
 56365 | Elf:1    | Found a runed translucent gate.
 56365 | Elf:1    | Found a runed translucent gate.
 56365 | Elf:1    | Found a runed translucent gate.
 56365 | Elf:1    | Found a runed translucent gate.
 56366 | Elf:1    | Found a runed translucent gate.
 57364 | Elf:2    | Found a runed translucent gate.
 57365 | Elf:2    | Found a runed translucent gate.
 57368 | Elf:2    | Found a runed translucent gate.
 57839 | Elf:2    | Gained Murdo as an ally
 58268 | Elf:3    | Entered Level 3 of the Elven Halls
 58924 | Elf:3    | Gained Gorbash as an ally
 58940 | Elf:3    | Your ally Gorbash died
 59493 | Elf:3    | Identified the +2 rapier "Gitups" {vorpal, rElec rC+ rN++
                  | MR-}
 59542 | Elf:3    | Identified Sif Muna's Collected Works on Displaced Unholy
                  | Arts
 59564 | Elf:3    | Identified Sif Muna's Almanac of Flames and Curses
 59589 | Elf:3    | Got a smoking amethyst amulet
 59590 | Elf:3    | Identified the amulet "Meulit" {Inacc rElec MR+ Dex+3} (You
                  | found it on level 3 of the Elven Halls)
 59594 | Elf:3    | Identified the Papyrus of Cloudy Attacks
 60581 | Depths:1 | Entered Level 1 of the Depths
 60935 | Depths:1 | Found Sobuhipn's Pet Rocks.
 60987 | Depths:1 | Reached XP level 23. HP: 82/217 MP: 15/37
 61004 | Depths:1 | HP: 10/217 [deep troll shaman (4)]
 61005 | Depths:1 | HP: 1/217 [deep troll shaman (5)]
 61011 | Depths:1 | HP: 1/217 [deep troll (13)]
 61012 | Depths:1 | Found a one-way gate to the infinite horrors of the Abyss.
 61025 | Depths:1 | Your ally Ugrim died
 61505 | Depths:1 | Found a gateway to Hell.
 61656 | Depths:1 | Found Roymazitiu's Gadget Shop.
 61657 | Depths:1 | Found Kiris's Jewellery Emporium.
 61657 | Depths:1 | Found Hyhelom's Jewellery Emporium.
 61681 | Depths:1 | Bought the ring "Cashuts" {rF+ rN+ MR+} for 734 gold pieces
 61686 | Depths:1 | Bought the amulet "Qoutinan" {+Rage rPois rF++ rC+ Int+4}
                  | for 1429 gold pieces
 62047 | Depths:2 | Noticed Bai Suzhen
 62065 | Depths:2 | Killed Bai Suzhen
 62167 | Depths:2 | Identified the cursed +0 great sword of Amorality {drain,
                  | Dex+4 Stlth+}
 62210 | Depths:2 | Noticed a caustic shrike
 62220 | Depths:2 | Killed a caustic shrike
 62516 | Depths:2 | Found the +11 plutonium sword {*Contam Stlth-}
 62526 | Depths:2 | Identified the +10 scale mail "Loisk" {*Slow rPois rC+}
                  | (You found it on level 2 of the Depths)
 63909 | Depths:3 | Noticed a golden dragon
 63917 | Depths:3 | Killed a golden dragon
 63921 | Depths:3 | Reached XP level 24. HP: 133/231 MP: 30/37
 63924 | Depths:3 | Noticed a juggernaut
 63950 | Depths:3 | Your ally Harm died
 63952 | Depths:3 | Your ally Geork died
 63956 | Depths:3 | Your ally Grimold died
 63958 | Depths:3 | Mangled by Bogmar the orc warlord

Levels and vault maps discovered:
D:1:      nicolae_arrival_washed_ashore, layout_basic, fountainhead
D:2:      layout_rooms, nemelex_xobeh_ov_fountains_minmay,
          nicolae_overflow_hidden_temple
D:3:      layout_rooms, nicolae_overflow_crystal_walls,
          chequers_ecumenical_altar_twisty, elyvilon_altar_5
D:4:      layout_basic, eat_drink_and_be_merry_uskayaw, first_ration,
          minmay_close_crescents
D:5:      layout_rooms, marbit_many_paths, led_sif_pool,
          nicolae_overflow_quartered_altars
D:6:      layout_cave_pods, grunt_qazlal_clouds, kennysheep_mini_moat
D:7:      layout_gridville, minmay_temple_entry_statues_pillars
D:8:      layout_rooms, kennysheep_little_box,
          gammafunk_ghost_berserking_beasts, uniq_grum
D:9:      layout_basic, minmay_lair_entry_grove, grunt_livestock
D:10:     layout_basic, uniq_joseph, uniq_psyche, uniq_erolcha
D:11:     layout_long_grid, orc_0_dummy, st_stairs_12,
          fedhas_bush_and_centaur_altar
D:12:     layout_cave_pods, gammafunk_ghost_split, kennysheep_generic_room_14,
          uniq_snorg, uniq_josephine
D:13:     minmay_clustersquares, layout_small_grid, gauntlet_entry_generic,
          serial_shops, bzr_entry_dummy
D:14:     layout_loops_ring, hangedman_vaults_entry_quadrant_bands,
          chequers_serial_rivers_marsh
D:15:     grunt_enter_depths_snipers, layout_irregular_city,
          grunt_decor_resistance
Lair:1:   layout_cave_pods, infiniplex_staircase_pool_2, grunt_megastairs_1
Lair:2:   layout_loops_ring, guppyfry_snake_entry_island,
          portal_ice_cave_entry_pillars_2, zaba_antful_of_joy,
          serial_bayou_shore_b, lemuel_fruit_tree, serial_bayou_shore_a
Lair:3:   layout_roguey, nicolae_swamp_entry_splash_gauntlet
Lair:4:   wander_river, layout_small_grid, gammafunk_ghost_necromancy,
          grunt_forest_stairs_clearing
Lair:5:   onia_ninara_swampy_vault, layout_long_grid, serial_forest,
          infiniplex_forest_clump_cross, infiniplex_forest_lined_1,
          infiniplex_forest_lined_room_2, infiniplex_forest_lined_room_,
          infiniplex_forest_lined_3, infiniplex_forest_zigzag_1,
          infiniplex_forest_split, infiniplex_forest_end_2, st_stairs_7,
          cheibrodos_lair_lostbears
Lair:6:   minmay_lair_end_frog_pond, layout_small_grid, slime_altar_1
Swamp:1:  layout_basic_swamp, evilmike_swamp_ruin_rubble_2
Swamp:2:  layout_basic_swamp, evilmike_swamp_ruin_house_5
Swamp:3:  layout_basic_swamp, evilmike_swamp_ruin_rubble_1, swamp_pool4
Swamp:4:  swamp_alternative, layout_basic_swamp, uniq_aizul
Snake:1:  layout_misc_corridors, grunt_megastairs_4, uniq_frances
Snake:2:  layout_basic, uniq_louise, uniq_vashnia
Snake:3:  layout_basic, serial_shops, shop, uniq_roxanne
Snake:4:  grunt_snake_rune_pools, layout_grid_shapes, basic_altar,
          gammafunk_ghost_grave
Orc:1:    layout_caves, nicolae_orc_crystal_geode, uniq_jorgrun
Orc:2:    grunt_orc_community_town_hall, layout_caves,
          grunt_orc_community_big_house_1, grunt_orc_community_big_house_1,
          grunt_orc_community_house_2, grunt_orc_community_house_2,
          grunt_orc_community_house_1, grunt_orc_community_house_1,
          grunt_orc_community_house_1
Elf:1:    layout_gridlike, serial_shops, nicolae_shop_waterfront, orc_legates
Elf:2:    layout_onion_city, serial_sigils, serial_sigils_hangedman_leer,
          serial_sigils_hangedman_quiver
Elf:3:    grunt_elf_hall_asides, layout_geoelf_octagon, special_room
          [special_room_orc], grunt_ministairs_9
Vaults:1: ontoclasm_vaults_shuriken, hangedman_vaults_cutoff, kb_rosetta,
          vaults_room_door_hall, vaults_mumra_hexcomb, v_misc_28, v_misc_32,
          vaults_room_stairs_pillars, vaults_room_ringed_pool,
          nicolae_vaults_little_squares_5, hangedman_vaults_cutoff,
          serial_ice_m, layout_vaults_ring
Vaults:2: v_misc_1, v_misc_27, vaults_standard_mumra_x, v_misc_22,
          nicolae_vaults_network_barrier, layout_vaults_omnigrid,
          minmay_crypt_entry_necro_gods
Vaults:3: ebering_vaults_ghost_xom, hangedman_vaults_corner_blocks,
          ontoclasm_vaults_idyll, v_misc_24, vaults_room_pool,
          nicolae_vaults_three_branches, nicolae_vaults_statue_guard,
          v_alt_pattern_6, ontoclasm_vaults_ring_square, vaults_room_door_ring,
          nicolae_vaults_angled_halls, v_alt_pattern_6, v_misc_15,
          nicolae_vaults_ring_of_whatevers, hangedman_vaults_maws,
          grunt_vaults_twisty, serial_ice_g, layout_vaults_omnibox
Vaults:4: hangedman_vaults_locks, vaults_mumra_chevron_long, vaults_room_boxed,
          nicolae_vaults_network_square, st_quartered_hall,
          vaults_dpeg_encased_lava, ontoclasm_vaults_loading_screen,
          layout_vaults_chaotic_city, serial_shops, shop_statue
Crypt:1:  layout_regular_city, grunt_crypt_arrival_guarded_gate, uniq_xtahua
Crypt:2:  layout_chaotic_city
Crypt:3:  grunt_crypt_end_deaths_head
Depths:1: layout_basic, pf_dread_powers_of_hell, abyss_entry,
          kennysheep_doodads, guppyfry_shop_earth, minmay_shop_grove
Depths:2: minmay_the_grid_triangle_9x9_rhombus_full_mashed
          [minmay_the_grid_triangle_9x9_limited_checkers,
          minmay_the_grid_triangle_9x9_corruption,
          minmay_the_grid_triangle_9x9_wacky_v,
          minmay_the_grid_triangle_9x9_alien,
          minmay_the_grid_triangle_9x9_from_above,
          minmay_the_grid_triangle_9x9_swiss_cheese,
          minmay_the_grid_triangle_9x9_windchime,
          minmay_the_grid_triangle_9x9_prize_schism], layout_small_grid,
          hell_entry, minmay_misc_feat_square, evilmike_minifort,
          uniq_bai_suzhen
Depths:3: minmay_heptahexagon, layout_cave_pools, hell_entry,
          chequers_serial_rivers_large_a, serial_shops, shop,
          nicolae_shop_crystal, rand_demon_pan_entry_9,
          infiniplex_staircase_zigzag_1

Skill      XL: |  1  2  3  4  5  6  7  8  9 10 11 12 13 14 15 16 17 18 19 20 21 22 23 24 |
---------------+-------------------------------------------------------------------------+-----
Fighting       | 4 5 6 7 10 12 13 15 16 18 19 20 22 | 22.0
Armour         | 1 2 3 5 6 7 10 12 13 15 16 17 | 17.7
Axes           | 5 6 8 9 11 12 14 16 17 18 19 20 22 | 22.0
Throwing       | 3 4 |  4.0
Shields        | 2 6 8 10 12 13 14 15 16 17 | 17.0
Invocations    | 6 10 12 16 17 19 20 21 | 21.0
Evocations     | 2 6 8 |  8.0
Dodging        | 6 8 10 11 12 | 12.0
Translocations | 1 4 |  4.0
Stealth        | |  1.5

Action                   |  1- 3 |  4- 6 |  7- 9 | 10-12 | 13-15 | 16-18 | 19-21 | 22-24 || total
-------------------------+-------+-------+-------+-------+-------+-------+-------+-------++-------
Melee: Hand axe          |   173 |   166 |   250 |   493 |   843 |   777 |       |       ||  2702
       Flail             |       |       |    43 |       |       |       |       |       ||    43
       Whip              |       |       |    71 |       |       |       |       |       ||    71
       Dire flail        |       |       |       |       |    47 |    55 |       |       ||   102
       Broad axe         |       |       |       |       |       |   414 |   985 |   628 ||  2027
       Mace              |       |       |       |       |       |       |       |    20 ||    20
Throw: Boomerang         |       |    22 |     2 |     1 |     8 |     3 |     3 |     4 ||    43
       Javelin           |       |       |    38 |    26 |    24 |    14 |       |       ||   102
Invok: Convert to Beogh  |       |       |     1 |       |       |       |       |       ||     1
       Smiting           |       |       |       |     9 |    13 |    17 |    29 |     8 ||    76
       Recall Orcish Fol |       |       |       |     2 |     7 |     5 |     4 |     4 ||    22
       Give Item to Name |       |       |       |       |     5 |     2 |     4 |     1 ||    12
       Stop Recall       |       |       |       |       |     3 |     2 |       |       ||     5
       Resurrection      |       |       |       |       |       |     2 |     2 |     1 ||     5
 Abil: Stop Flying       |       |       |     1 |       |       |     1 |       |       ||     2
       Evoke Flight      |       |       |       |       |       |     1 |       |       ||     1
Evoke: Wand              |       |       |       |    13 |    25 |    15 |     3 |    14 ||    70
  Use: Scroll            |       |       |    15 |     8 |    17 |    16 |    19 |    13 ||    88
       Potion            |       |       |       |       |     2 |     3 |     6 |    12 ||    23
 Stab: Sleeping          |     1 |       |       |       |       |     1 |     1 |     2 ||     5
       Distracted        |       |       |       |     1 |     6 |     5 |     9 |     7 ||    28
       Paralysed         |       |       |       |     5 |     9 |       |       |       ||    14
       Confused          |       |       |       |       |       |     4 |       |     1 ||     5
       Petrified         |       |       |       |       |       |       |       |     6 ||     6
       Petrifying        |       |       |       |       |       |       |       |     3 ||     3
       Fleeing           |       |       |       |       |       |       |       |     1 ||     1
  Eat: Chunk             |     2 |     5 |    15 |    19 |    24 |    16 |    20 |    14 ||   115
       Ration            |       |       |       |     2 |     4 |    10 |     7 |     2 ||    25
Armor: Robe              |    22 |       |       |       |       |       |       |       ||    22
       Chain mail        |    80 |    96 |   150 |       |       |       |       |       ||   326
       Plate armour      |       |       |    27 |       |       |       |       |       ||    27
       Scale mail        |       |       |    19 |   153 |     2 |       |       |       ||   174
       Ice dragon scales |       |       |       |       |   370 |   422 |   224 |   288 ||  1304
Dodge: Dodged            |   128 |    66 |   115 |   104 |   227 |   309 |   286 |   292 ||  1527
Block: Other             |       |       |    17 |       |    10 |     6 |       |       ||    33
       Kite shield       |       |       |   164 |   249 |   581 |   953 |   810 |   478 ||  3235
       Reflection        |       |       |     1 |    26 |    30 |   112 |    78 |    19 ||   266

Table legend:
 A = Non-vault XP
 B = Vault XP
 C = Vault XP percentage of total XP
 D = Non-vault monster count
 E = Vault monster count
 F = Vault count percentage of total count
                 A         B        C        D         E       F
            +---------+---------+-------+---------+---------+-------
      Total |  443500 |  400748 |  47.5 |    1190 |     706 |  37.2
            +---------+---------+-------+---------+---------+-------
        D:1 |      54 |       0 |   0.0 |      30 |       0 |   0.0
        D:2 |      49 |       0 |   0.0 |      20 |       0 |   0.0
        D:3 |      70 |       0 |   0.0 |      15 |       0 |   0.0
        D:4 |     597 |       2 |   0.3 |      22 |       2 |   8.3
        D:5 |     705 |       0 |   0.0 |      19 |       0 |   0.0
        D:6 |     776 |       0 |   0.0 |      25 |       0 |   0.0
        D:7 |    2327 |     206 |   8.1 |      37 |       1 |   2.6
        D:8 |    1743 |    2199 |  55.8 |      21 |       9 |  30.0
        D:9 |    1637 |    3785 |  69.8 |      12 |      19 |  61.3
       D:10 |    2154 |     764 |  26.2 |      23 |       2 |   8.0
       D:11 |     607 |     155 |  20.3 |       6 |       2 |  25.0
       D:12 |    5213 |    2544 |  32.8 |      32 |       7 |  17.9
       D:13 |    3924 |    4250 |  52.0 |      16 |      10 |  38.5
       D:14 |    4949 |    7466 |  60.1 |      13 |      14 |  51.9
       D:15 |    8969 |    3200 |  26.3 |      29 |       3 |   9.4
     Lair:1 |    1865 |     291 |  13.5 |       8 |       2 |  20.0
     Lair:2 |    8452 |    2703 |  24.2 |      40 |      40 |  50.0
     Lair:3 |    3511 |     912 |  20.6 |      12 |       6 |  33.3
     Lair:4 |    2691 |    1670 |  38.3 |      21 |       7 |  25.0
     Lair:5 |    4772 |    4358 |  47.7 |      29 |      13 |  31.0
     Lair:6 |    6730 |   11417 |  62.9 |      26 |      49 |  65.3
    Swamp:1 |    7543 |       0 |   0.0 |      30 |       0 |   0.0
    Swamp:2 |   11443 |       0 |   0.0 |      32 |       0 |   0.0
    Swamp:3 |   12700 |       0 |   0.0 |      34 |       0 |   0.0
    Swamp:4 |   12091 |   16475 |  57.7 |      40 |      31 |  43.7
    Snake:1 |    8767 |    3430 |  28.1 |      19 |       3 |  13.6
    Snake:2 |   16500 |    8622 |  34.3 |      33 |       5 |  13.2
    Snake:3 |   26706 |    2058 |   7.2 |      50 |       1 |   2.0
    Snake:4 |   17055 |   40044 |  70.1 |      34 |      59 |  63.4
      Orc:1 |    2957 |    1411 |  32.3 |      22 |       1 |   4.3
      Orc:2 |    2543 |    4969 |  66.1 |      21 |      27 |  56.2
      Elf:1 |   12198 |   12827 |  51.3 |      24 |      21 |  46.7
      Elf:2 |   18978 |   18781 |  49.7 |      36 |      27 |  42.9
      Elf:3 |    5727 |   29985 |  84.0 |      12 |      33 |  73.3
   Vaults:1 |   14247 |   14853 |  51.0 |      20 |      27 |  57.4
   Vaults:2 |    7734 |    7590 |  49.5 |      16 |      10 |  38.5
   Vaults:3 |   39797 |   18056 |  31.2 |      70 |      23 |  24.7
   Vaults:4 |   31273 |   26521 |  45.9 |      55 |      31 |  36.0
    Crypt:1 |   25631 |    2807 |   9.9 |      45 |       1 |   2.2
    Crypt:2 |   17217 |       0 |   0.0 |      33 |       0 |   0.0
    Crypt:3 |       0 |   60698 | 100.0 |       0 |     121 | 100.0
   Depths:1 |   39434 |    4599 |  10.4 |      49 |       7 |  12.5
   Depths:2 |    9922 |   45350 |  82.0 |      14 |      38 |  73.1
   Depths:3 |   41242 |   25090 |  37.8 |      45 |      27 |  37.5
      IceCv |       0 |    3219 | 100.0 |       0 |      11 | 100.0
   Gauntlet |       0 |    7441 | 100.0 |       0 |      16 | 100.0
            +---------+---------+-------+---------+---------+-------
